[Event "Titled Tuesday Blitz August 3 2021"]
[White "Florescu, Codrut-Constantin"]
[Black "Molina, Roberto Junio Brito"]
[WhiteFideId "1202200"]
[BlackFideId "2109450"]
[WhiteElo "2243"]
[BlackElo "2402"]
[Result "0-1"]
[Round "07"]
[TimeControl "180+1"]
[Date "2021.08.03"]
[WhiteClock "0:00:13"]
[BlackClock "0:00:14"]

1. d4 d5 2. c4 c6 3. Nf3 Nf6 4. Qc2 g6 5. cxd5 cxd5 6. Nc3 Bg7 7. e3 O-O 8. Bd3 Nc6 9. a3 Bg4 10. Be2 Rc8 11. Qa4 a6 12. O-O e6 13. Bd2 Qb6 14. b4 Ne4 15. Nb1 Rc7 16. h3 Bxf3 17. Bxf3 Nd6 18. Rd1 Rfc8 19. Bc3 Na7 20. Qb3 Nab5 21. Bb2 Nc4 22. Nd2 Nbd6 23. Bc1 Qc6 24. Qd3 Qb5 25. Nb3 b6 26. Be2 Qc6 27. a4 a5 28. bxa5 Nxa5 29. Nxa5 bxa5 30. Ba3 Nc4 31. Rdc1 Qa8 32. Rcb1 Nxa3 33. Qxa3 Bf8 34. Qd3 Bb4 35. Qa6 Qb8 36. Bb5 Ra7 37. Qxa7 Qxa7 38. Rc1 Rc7 39. Rxc7 Qxc7 40. g3 Qc2 41. Rf1 h5 42. h4 Kf8 43. Kg2 Bd2 44. Kf3 Bb4 45. Ra1 Ke7 46. Kg2 f6 47. Rf1 g5 48. hxg5 fxg5 49. Rh1 Qe4+ 50. Kg1 h4 51. gxh4 Qg4+ 52. Kf1 gxh4 53. Be2 Qg5 54. Rg1 Qf5 55. Bg4 Qc2 56. Kg2 Qxa4 57. Rh1 Qc2 58. Rxh4 Qg6 59. Kh3 a4 60. f4 a3 61. Rh5 a2 62. Rg5 Qxg5 0-1


[Site "https://www.chess.com"]

[Event "Titled Tuesday Blitz August 3 2021"]
[White "Gontcharov, Vladislav"]
[Black "Nasyrova, Ekaterina"]
[WhiteFideId "4123492"]
[BlackFideId "44157797"]
[WhiteElo "2503"]
[BlackElo "2115"]
[Result "1-0"]
[Round "07"]
[TimeControl "180+1"]
[Date "2021.08.03"]
[WhiteClock "0:00:22"]
[BlackClock "0:00:01"]

1. e4 e5 2. Nf3 Nc6 3. Bb5 Nf6 4. d3 Bc5 5. O-O d6 6. c3 O-O 7. Re1 Bb6 8. h3 Ne7 9. b4 c6 10. Bc4 Ng6 11. Be3 Be6 12. Nbd2 d5 13. exd5 cxd5 14. Bb3 Rc8 15. Rc1 Qd6 16. d4 e4 17. Nh2 a5 18. a3 Bc7 19. Nhf1 Nf4 20. Bxf4 Qxf4 21. Ng3 h5 22. Ndf1 h4 23. Nh5 Qg5 24. Nxf6+ Qxf6 25. Qh5 g6 26. Qe2 Qg5 27. Kh1 Kg7 28. c4 Bf4 29. Rc2 axb4 30. axb4 dxc4 31. Bxc4 Bf5 32. Bb3 Rxc2 33. Bxc2 Re8 34. Qb5 Qf6 35. Ne3 Re7 36. Nd5 Qd6 37. Nxe7 Qxe7 38. Qe2 Qxb4 39. Bxe4 Bd7 40. Rb1 Qxd4 41. Bxb7 Bc7 42. Qb2 Qxb2 43. Rxb2 Be5 44. Rd2 Bf5 45. Bd5 Kf6 46. Ra2 Be6 47. Bxe6 Kxe6 48. Kg1 Kf6 49. Kf1 Kf5 50. Ke2 f6 51. Ra5 g5 52. Kf3 Kg6 53. Ke4 Bf4 54. Kd5 Bd2 55. Ra2 Be1 56. Ke6 Bc3 57. Re2 Bd4 58. f3 Bc3 59. Re4 Bb2 60. f4 Bc3 61. f5+ Kg7 62. Rc4 Bb2 63. Rc7+ Kh6 64. Rf7 1-0


[Site "https://www.chess.com"]

[Event "Titled Tuesday Blitz August 3 2021"]
[White "Gunina, Valentina"]
[Black "Damjanovic, Vladimir"]
[WhiteFideId "4167570"]
[BlackFideId "903795"]
[WhiteElo "2399"]
[BlackElo "2374"]
[Result "1-0"]
[Round "07"]
[TimeControl "180+1"]
[Date "2021.08.03"]
[WhiteClock "0:00:04"]
[BlackClock "0:00:01"]

1. d4 Nf6 2. c4 c5 3. d5 b5 4. a4 bxc4 5. Nc3 d6 6. e4 g6 7. Bxc4 Bg7 8. Nf3 O-O 9. O-O Bg4 10. h3 Bxf3 11. Qxf3 Nbd7 12. Qe2 Rb8 13. Bg5 Rb4 14. b3 Ne5 15. Na2 Rb8 16. Bb5 Ne8 17. f4 Nd7 18. Rab1 Nc7 19. Bc6 Rb6 20. a5 Ra6 21. b4 cxb4 22. Nxb4 Rxa5 23. e5 dxe5 24. d6 f6 25. dxc7 Qxc7 26. Bh4 Rc5 27. Bxd7 Qxd7 28. Bf2 Rb5 29. Qc4+ Kh8 30. fxe5 Rxe5 31. Rfd1 Qe6 32. Qxe6 Rxe6 33. Bxa7 f5 34. Nd5 Be5 35. Bc5 Rc8 36. Bxe7 Kg7 37. Rb7 Kh6 38. Bb4 Rd8 39. Be7 Rxe7 40. Rxe7 Bd6 41. Re2 Bc5+ 42. Kf1 Rd6 43. Nc3 Ra6 44. Rc2 Bb4 45. Nd5 Bf8 46. Rc7 Bg7 47. Ne7 Bf6 48. Ng8+ Kg5 49. Rxh7 Be5 50. Re1 Bg3 51. Rd1 Ra2 52. Ne7 Rf2+ 53. Kg1 Rc2 54. Nd5 Be5 55. Ne3 Re2 56. Nf1 Bf4 57. h4+ Kg4 58. Rg7 Kh5 59. g3 Be5 60. Rd3 Bxg7 61. Nh2 Be5 62. Kh1 Rb2 63. Rd8 Bxg3 64. Rh8# 1-0


[Site "https://www.chess.com"]

[Event "Titled Tuesday Blitz August 3 2021"]
[White "Gupta, Abhijeet"]
[Black "Harshavardhan G B"]
[WhiteFideId "5010608"]
[BlackFideId "25059009"]
[WhiteElo "2549"]
[BlackElo "1825"]
[Result "1-0"]
[Round "07"]
[TimeControl "180+1"]
[Date "2021.08.03"]
[WhiteClock "0:00:42"]
[BlackClock "0:00:13"]

1. Nf3 Nf6 2. c4 g6 3. Nc3 Bg7 4. e4 d6 5. d4 O-O 6. h3 e5 7. d5 Na6 8. g4 Nd7 9. a3 f5 10. gxf5 gxf5 11. Rg1 Kh8 12. exf5 Ndc5 13. Rxg7 Kxg7 14. Bg5 Qe8 15. b4 Bxf5 16. bxc5 Nxc5 17. Nh4 Kh8 18. Be3 Ne4 19. Nxf5 Nxc3 20. Qc2 Qa4 21. Bd3 Qxc2 22. Bxc2 Na4 23. Nxd6 Nb6 24. Bxb6 cxd6 25. Be3 a6 26. Ke2 b5 27. cxb5 axb5 28. Bd2 Rfc8 29. Bd3 Rc5 30. Bb4 Rcc8 31. Bxd6 Kg8 32. Bb4 e4 33. Bxe4 Rc4 34. Bd3 Rd4 35. Rg1+ Kf7 36. Rg5 h6 37. Rf5+ Kg7 38. Bc3 1-0


[Site "https://www.chess.com"]

[Event "Titled Tuesday Blitz August 3 2021"]
[White "Hansen, Eric"]
[Black "Golubev, Mikhail"]
[WhiteFideId "2606771"]
[BlackFideId "14100983"]
[WhiteElo "2568"]
[BlackElo "2374"]
[Result "1-0"]
[Round "07"]
[TimeControl "180+1"]
[Date "2021.08.03"]
[WhiteClock "0:01:34"]
[BlackClock "0:00:55"]

1. Nf3 d6 2. g3 g6 3. Bg2 Bg7 4. d4 Nf6 5. Nc3 O-O 6. O-O Nbd7 7. e4 e5 8. h3 Re8 9. Re1 b6 10. a4 a5 11. Be3 Bb7 12. d5 Nc5 13. Nd2 Nfd7 14. Nc4 f5 15. exf5 gxf5 16. f4 exf4 17. Bxf4 Ne5 18. Ne3 Ng6 19. Nxf5 Rxe1+ 20. Qxe1 Nxf4 21. gxf4 Qf6 22. Nxg7 Kxg7 23. Qf2 Rf8 24. Rf1 Ba6 25. Qg3+ Kh8 26. Rf2 Qd4 27. Kh2 Nxa4 28. Nxa4 Qxa4 29. Qc3+ Kg8 30. Rf3 Qc4 31. Rg3+ 1-0


[Site "https://www.chess.com"]

[Event "Titled Tuesday Blitz August 3 2021"]
[White "Hansen, Sune Berg"]
[Black "Andrews, Todd"]
[WhiteFideId "1400266"]
[BlackFideId "2012456"]
[WhiteElo "2658"]
[BlackElo "2441"]
[Result "1-0"]
[Round "07"]
[TimeControl "180+1"]
[Date "2021.08.03"]
[WhiteClock "0:00:26"]
[BlackClock "0:00:17"]

1. e4 e6 2. d4 d5 3. e5 c5 4. c3 Nc6 5. Nf3 Bd7 6. Be2 Nge7 7. Na3 cxd4 8. cxd4 Nf5 9. Nc2 Rc8 10. O-O Nb4 11. Nxb4 Bxb4 12. Bg5 Qb6 13. a3 Be7 14. Bxe7 Nxe7 15. Bd3 Bb5 16. Re1 Bxd3 17. Qxd3 h6 18. b4 O-O 19. Rac1 Rc6 20. Rc5 Rfc8 21. g3 Qd8 22. Rec1 b6 23. Rxc6 Rxc6 24. Rxc6 Nxc6 25. Qc3 Ne7 26. b5 Qc8 27. Qxc8+ Nxc8 28. Ne1 Kf8 29. Nc2 Ke8 30. f4 Kd7 31. Kf2 Ne7 32. Ke3 h5 33. h3 Nf5+ 34. Kf3 Kc7 35. g4 hxg4+ 36. hxg4 Ne7 37. Nb4 Kb7 38. a4 g6 39. Kg3 Ng8 40. Kh4 Nh6 41. Kg5 Ng8 42. Nc6 a6 43. Nd8+ Kc7 44. Nxf7 axb5 45. axb5 Ne7 46. Kf6 Kd7 47. Nd6 Ng8+ 48. Kxg6 Ne7+ 49. Kg7 Kc7 50. f5 Kd7 51. f6 1-0


[Site "https://www.chess.com"]

[Event "Titled Tuesday Blitz August 3 2021"]
[White "He, Anthony"]
[Black "Fayzullaev, Akmal"]
[WhiteFideId "2088215"]
[BlackFideId "14200554"]
[WhiteElo "2353"]
[BlackElo "2264"]
[Result "1-0"]
[Round "07"]
[TimeControl "180+1"]
[Date "2021.08.03"]
[WhiteClock "0:01:33"]
[BlackClock "0:01:31"]

1. d4 Nf6 2. c4 c5 3. dxc5 g6 4. Nc3 Na6 5. Be3 Bg7 6. g3 O-O 7. Bg2 Ng4 8. Bd2 Nxc5 9. Nf3 d6 10. O-O a6 11. Rc1 a5 12. b3 Bd7 13. h3 Nf6 14. Nd4 Qb6 15. Be3 Bc6 16. Nxc6 bxc6 17. Na4 Qb4 18. Nxc5 dxc5 19. Bxc6 Rac8 20. Bb5 Rcd8 21. Qc2 Nh5 22. Rfd1 f5 23. Bd2 Qa3 24. Bg5 Bf6 25. Bh6 Bg7 26. Bxg7 Nxg7 27. e3 Ne6 28. Bc6 Nc7 29. h4 e6 30. h5 Na6 31. h6 1-0


[Site "https://www.chess.com"]

[Event "Titled Tuesday Blitz August 3 2021"]
[White "Hjartarson, Johann"]
[Black "Tomiello, Mateus Costamilan"]
[WhiteFideId "2300044"]
[BlackFideId "22701958"]
[WhiteElo "2502"]
[BlackElo "1995"]
[Result "0-1"]
[Round "07"]
[TimeControl "180+1"]
[Date "2021.08.03"]
[WhiteClock "0:00:11"]
[BlackClock "0:00:07"]

1. e4 e5 2. Nf3 Nc6 3. Bc4 Nf6 4. d3 Bc5 5. O-O d6 6. Bg5 h6 7. Bxf6 Qxf6 8. Nc3 a6 9. Nd5 Qd8 10. c3 Ba7 11. h3 Na5 12. Bb3 Nxb3 13. axb3 O-O 14. b4 Be6 15. Ne3 c6 16. Qe2 Qd7 17. d4 f6 18. Rfd1 Qc7 19. d5 Bxe3 20. dxe6 Ba7 21. Nh4 Rfe8 22. Qg4 Rad8 23. Nf5 Kh7 24. e7 Rxe7 25. Nxe7 Qxe7 26. Rd3 g6 27. Rad1 Bb8 28. h4 Qf7 29. h5 gxh5 30. Qf5+ Qg6 31. Rf3 Qxf5 32. Rxf5 Kg6 33. Rd3 h4 34. Kh2 d5 35. Kh3 Rg8 36. f3 Kf7 37. Rh5 Rg3+ 38. Kh2 dxe4 39. Rd7+ Ke6 40. Rxh4 Rg8 41. Rxb7 e3 42. Re4 f5 43. Rxe3 e4+ 44. Kg1 Bf4 45. Re1 e3 46. Rb6 Kd5 47. Rd1+ Kc4 48. Rxc6+ Kb3 49. Re6 Kc2 50. Rd7 h5 51. Kf1 h4 52. c4 h3 53. gxh3 Rg3 54. Ke2 Rxh3 55. Rxe3 Rh2+ 56. Kf1 Bxe3 57. c5 f4 58. c6 Rh8 59. c7 Rc8 60. Rd6 Rxc7 61. Rxa6 Kb3 62. Ke2 Kxb4 63. Kd3 Kb3 64. Ra8 Kxb2 65. Rb8+ Kc1 66. Ke4 Re7+ 67. Kf5 Kd2 68. Ra8 Ke2 69. Kg4 Rg7+ 0-1


[Site "https://www.chess.com"]

[Event "Titled Tuesday Blitz August 3 2021"]
[White "Indjic, Aleksandar"]
[Black "Mohammad Nubairshah Shaikh"]
[WhiteFideId "911925"]
[BlackFideId "5053196"]
[WhiteElo "2643"]
[BlackElo "2382"]
[Result "1-0"]
[Round "07"]
[TimeControl "180+1"]
[Date "2021.08.03"]
[WhiteClock "0:00:43"]
[BlackClock "0:00:03"]

1. d4 g6 2. Nf3 Bg7 3. c4 c6 4. Nc3 d6 5. e4 Bg4 6. Be3 Nd7 7. Be2 e5 8. d5 cxd5 9. cxd5 Ngf6 10. O-O O-O 11. a4 Ne8 12. h3 Bxf3 13. Bxf3 f5 14. a5 f4 15. Bd2 a6 16. b4 h5 17. Rc1 Kh7 18. Na4 Rg8 19. Nb2 Bf8 20. Qe2 Nef6 21. Rc2 Qe8 22. Rc7 Rg7 23. g4 hxg4 24. hxg4 Kg8 25. Rfc1 Rb8 26. Nc4 Nh7 27. Bg2 Ng5 28. f3 Rh7 29. Nb6 Nxb6 30. axb6 Nf7 31. Be1 Be7 32. Kf1 Bh4 33. Bxh4 Rxh4 34. Qc4 Kg7 35. Kf2 Rh8 36. Rc2 Qd8 37. Kf1 Qh4 38. Qe2 Qg3 39. Rd7 Rh7 40. Rcc7 Kf6 41. Qf2 Qh2 42. Rxb7 Rbh8 43. Rbc7 Qg3 44. Qxg3 fxg3 45. b7 Rb8 46. g5+ Nxg5 47. Rxh7 Nxh7 48. Rxh7 Kg5 49. Bh3 Kf4 50. Kg2 g5 51. Bc8 Ke3 1-0


[Site "https://www.chess.com"]

[Event "Titled Tuesday Blitz August 3 2021"]
[White "Ivanchuk, Vasyl"]
[Black "Kim, Sergey"]
[WhiteFideId "14100010"]
[BlackFideId "13700570"]
[WhiteElo "2710"]
[BlackElo "2582"]
[Result "0-1"]
[Round "07"]
[TimeControl "180+1"]
[Date "2021.08.03"]
[WhiteClock "0:00:02"]
[BlackClock "0:00:16"]

1. e4 e5 2. d4 exd4 3. Nf3 Nc6 4. c3 d3 5. Bxd3 d6 6. Be3 Nf6 7. Nbd2 Be7 8. O-O O-O 9. h3 Re8 10. Nd4 Ne5 11. Bc2 Bf8 12. f4 Ng6 13. Qf3 Bd7 14. Rae1 c5 15. Nf5 Bc6 16. Bf2 Qd7 17. g4 d5 18. e5 d4 19. Ne4 Nxe4 20. Bxe4 Bxe4 21. Rxe4 dxc3 22. bxc3 Rad8 23. Rfe1 Qd2 24. R1e2 Qd1+ 25. Kg2 Rd3 26. R2e3 Qxf3+ 27. Kxf3 Rd2 28. Re2 Red8 29. Nd6 Rxe2 30. Kxe2 Bxd6 31. exd6 Rxd6 32. Re8+ Nf8 33. f5 b6 34. a4 f6 35. a5 Kf7 36. Rc8 Rd7 37. Bg3 Re7+ 38. Kd3 Nd7 39. a6 Ne5+ 40. Bxe5 fxe5 41. Ke4 Kf6 42. h4 Kf7 43. g5 Rd7 44. Kxe5 Re7+ 45. Kd5 Rd7+ 46. Kc6 Re7 47. Rc7 Rxc7+ 48. Kxc7 b5 49. Kb7 b4 50. cxb4 cxb4 51. Kxa7 b3 52. Kb8 b2 53. a7 b1=Q+ 54. Kc7 Qc2+ 55. Kb8 Qb3+ 56. Kc7 Qc4+ 57. Kb8 Qb5+ 58. Kc7 Qa6 0-1


[Site "https://www.chess.com"]

[Event "Titled Tuesday Blitz August 3 2021"]
[White "Ivanisevic, Ivan"]
[Black "Onyshchuk, Volodymyr"]
[WhiteFideId "912417"]
[BlackFideId "14114038"]
[WhiteElo "2499"]
[BlackElo "2603"]
[Result "1-0"]
[Round "07"]
[TimeControl "180+1"]
[Date "2021.08.03"]
[WhiteClock "0:00:11"]
[BlackClock "0:00:01"]

1. d4 d6 2. e4 Nf6 3. Nc3 g6 4. f4 Bg7 5. e5 dxe5 6. dxe5 Qxd1+ 7. Kxd1 Ng4 8. Ke1 Nc6 9. Nd5 Kd8 10. Nf3 Be6 11. Ne3 f6 12. Bb5 Nxe3 13. Bxe3 fxe5 14. Bxc6 bxc6 15. Nxe5 Bd5 16. Kf2 Rf8 17. Kg3 Bxe5 18. fxe5 Kd7 19. Rad1 Ke6 20. b3 g5 21. Rhe1 c5 22. c4 Bc6 23. Bxc5 h5 24. Be3 h4+ 25. Kh3 g4+ 26. Kxh4 Bxg2 27. Kg3 Bc6 28. Bf4 Rh8 29. Kf2 Raf8 30. Ke3 a5 31. Bg3 Rf3+ 32. Kd4 Rb8 33. Kc5 Be8 34. Rd4 a4 35. b4 Rc3 36. Rxg4 a3 37. Rh4 Rc2 38. Rf1 Rb5+ 39. Kd4 Rxb4 40. Rh6+ Kd7 41. e6+ Kc6 42. Rf4 Rcxc4+ 43. Ke3 Rxf4 44. Bxf4 Rb2 45. Rh7 1-0


[Site "https://www.chess.com"]

[Event "Titled Tuesday Blitz August 3 2021"]
[White "Jacobson, Aaron"]
[Black "Garv Gaur"]
[WhiteFideId "2089912"]
[BlackFideId "45030839"]
[WhiteElo "2265"]
[BlackElo "1950"]
[Result "1-0"]
[Round "07"]
[TimeControl "180+1"]
[Date "2021.08.03"]
[WhiteClock "0:00:25"]
[BlackClock "0:00:19"]

1. e4 c6 2. d4 d5 3. exd5 cxd5 4. Nf3 Nc6 5. Ne5 Nxe5 6. dxe5 e6 7. Nd2 Ne7 8. Nf3 Nc6 9. Bd3 Nb4 10. Be2 Bd7 11. c3 Nc6 12. O-O Qc7 13. Bf4 g6 14. Bd3 Bg7 15. Qe2 O-O 16. h4 h5 17. Rae1 a6 18. Qe3 b5 19. Bh6 Na5 20. Nh2 Nc4 21. Qg5 Qd8 22. Qc1 Kh7 23. Bxg7 Kxg7 24. b3 Nb6 25. Qf4 Rc8 26. Re3 Qe7 27. Nf3 Rxc3 28. Ng5 Rfc8 29. Rf3 Be8 30. g4 hxg4 31. Qxg4 Nd7 32. Qf4 Nc5 33. Rd1 Nxd3 34. Rdxd3 Rxd3 35. Rxd3 a5 36. h5 Qb4 37. Qf6+ Kg8 38. h6 Qf8 39. h7# 1-0


[Site "https://www.chess.com"]

[Event "Titled Tuesday Blitz August 3 2021"]
[White "Kalashian, David"]
[Black "Shkapenko, Pavel"]
[WhiteFideId "13302418"]
[BlackFideId "4151933"]
[WhiteElo "2490"]
[BlackElo "2386"]
[Result "1-0"]
[Round "07"]
[TimeControl "180+1"]
[Date "2021.08.03"]
[WhiteClock "0:00:09"]
[BlackClock "0:00:03"]

1. e4 e5 2. Nf3 Nc6 3. d4 exd4 4. Nxd4 Bc5 5. Nxc6 bxc6 6. Nd2 Nf6 7. Bd3 O-O 8. O-O d5 9. Nb3 Bb6 10. exd5 cxd5 11. Bg5 Qd6 12. h3 Ne4 13. Bxe4 dxe4 14. Qxd6 cxd6 15. Rad1 Ba6 16. Rfe1 Rac8 17. c3 Bd3 18. Nc1 Bc4 19. Rxe4 d5 20. Ree1 Rfe8 21. Be3 Re6 22. Bxb6 axb6 23. Nb3 Rce8 24. Rxe6 fxe6 25. f4 Kf7 26. Nd4 Bxa2 27. b3 Rc8 28. Ra1 Bxb3 29. Nxb3 Rxc3 30. Nd4 Rc4 31. Ne2 b5 32. Ra6 b4 33. Rb6 h6 34. Kf2 g5 35. fxg5 hxg5 36. Ke3 Kf6 37. Nd4 Rc3+ 38. Kd2 Ke5 39. Nxe6 Rg3 40. Nc5 Rxg2+ 41. Ke3 Rg3+ 42. Kf2 Rxh3 43. Rxb4 d4 44. Nd7+ Kd5 45. Nb6+ Kc5 46. Rb1 Rd3 47. Nd7+ Kd5 48. Nf6+ Ke5 49. Ng4+ Kf4 50. Nh2 Rd2+ 51. Kg1 g4 52. Nf1 Rc2 53. Rb8 d3 54. Rd8 Ke4 55. Re8+ Kf3 56. Re3+ Kf4 57. Rxd3 Ra2 58. Rb3 Ke4 59. Ng3+ Kf4 60. Nf1 Ke4 61. Nh2 Kf4 62. Rb4+ Kg3 63. Nf1+ Kf3 64. Rb3+ Kf4 65. Ne3 g3 66. Nf1 Ra1 67. Kg2 Ra2+ 68. Kg1 Ra1 69. Rb2 Rc1 70. Kg2 Ra1 71. Rb4+ Ke5 72. Nxg3 Ra2+ 73. Kf3 Ra3+ 74. Kg4 Ra2 75. Rf4 Kd5 76. Nf5 Ke5 77. Ne3 Re2 78. Nc4+ Kd5 79. Nb6+ Kc6 80. Nc4 Kd5 81. Kf3 Re8 82. Ne3+ Kc5 83. Rc4+ Kb5 84. Rc1 Rf8+ 85. Ke4 Re8+ 86. Kd4 Rh8 87. Nf5 Rg8 88. Nd6+ Kb6 89. Rc2 Rg4+ 90. Kd5 Rg5+ 91. Kd4 Rg4+ 92. Ne4 Rg6 93. Kd5 Kb7 94. Nd6+ Kb6 95. Rb2+ Ka5 96. Ne4 Ka6 97. Kc5 Ka7 98. Nd6 Rg5+ 99. Kc6 Ra5 100. Nb5+ Ka8 101. Nc7+ Ka7 102. Rb7# 1-0


[Site "https://www.chess.com"]

[Event "Titled Tuesday Blitz August 3 2021"]
[White "Karttunen, Mika"]
[Black "Savitha Shri B"]
[WhiteFideId "502081"]
[BlackFideId "35061887"]
[WhiteElo "2343"]
[BlackElo "2006"]
[Result "1-0"]
[Round "07"]
[TimeControl "180+1"]
[Date "2021.08.03"]
[WhiteClock "0:00:14"]
[BlackClock "0:00:17"]

1. e4 c5 2. Nf3 e6 3. d4 cxd4 4. Nxd4 Qb6 5. Nb3 Nc6 6. Be3 Qc7 7. Nc3 Bb4 8. f4 Nf6 9. e5 Nxe5 10. fxe5 Bxc3+ 11. bxc3 Qxc3+ 12. Qd2 Qxe5 13. O-O-O O-O 14. Bd4 Qh5 15. Be2 Qg6 16. Bxf6 Qxf6 17. Qd6 a5 18. a4 b6 19. Bf3 Ra7 20. Qxb6 Ra6 21. Qd4 e5 22. Qe3 d6 23. Bd5 Bf5 24. Rhf1 Rc8 25. Rd2 Rc7 26. g4 Bxc2 27. Rxf6 Bxb3+ 28. Kb2 Bxd5 29. Rxd5 gxf6 30. g5 f5 31. Rxa5 Rxa5 32. Qb6 Rca7 33. Qd8+ Kg7 34. Qf6+ Kf8 35. Qxd6+ Ke8 36. Qc6+ Kd8 37. Qf6+ Kc8 38. Qxf5+ Kb8 39. Qxh7 Rxa4 40. Qh8+ Kb7 41. Qxe5 R7a5 42. Qe7+ Ka6 43. Qxf7 Rb4+ 44. Kc3 Rbb5 45. Qe6+ Kb7 46. Qd7+ Kb8 47. h4 Rc5+ 48. Kb4 Re5 49. Qd8+ Kb7 50. Qxa5 Re4+ 51. Kc3 Rxh4 52. Qd5+ Kc7 53. Qe5+ Kb6 54. Qf6+ Kb5 55. g6 Kc5 56. Qxh4 Kd5 57. g7 Ke5 58. g8=Q Kd6 59. Qg6+ Kc5 60. Qhh5# 1-0


[Site "https://www.chess.com"]

[Event "Titled Tuesday Blitz August 3 2021"]
[White "Khoroshev, Nikita"]
[Black "Ashiev, Eduard"]
[WhiteFideId "14200287"]
[BlackFideId "4130090"]
[WhiteElo "2328"]
[BlackElo "2106"]
[Result "0-1"]
[Round "07"]
[TimeControl "180+1"]
[Date "2021.08.03"]
[WhiteClock "0:00:19"]
[BlackClock "0:01:01"]

1. e4 e5 2. Nf3 Nc6 3. Bb5 Nge7 4. O-O g6 5. c3 Bg7 6. d4 exd4 7. cxd4 d5 8. exd5 Nxd5 9. Re1+ Be6 10. Ng5 O-O 11. Nxe6 fxe6 12. Bxc6 bxc6 13. Nc3 Qh4 14. Ne4 h6 15. g3 Qh3 16. Be3 Rf5 17. g4 Rf4 18. Ng3 Rxg4 19. Rc1 Rf8 20. Rxc6 h5 21. Rxe6 h4 22. Re4 hxg3 23. Qxg4 Qxh2+ 24. Kf1 Rxf2+ 25. Bxf2 Qxf2# 0-1


[Site "https://www.chess.com"]

[Event "Titled Tuesday Blitz August 3 2021"]
[White "Kobalia, Mikhail"]
[Black "Weetik, Vjacheslav"]
[WhiteFideId "4119150"]
[BlackFideId "4153472"]
[WhiteElo "2569"]
[BlackElo "2469"]
[Result "0-1"]
[Round "07"]
[TimeControl "180+1"]
[Date "2021.08.03"]
[WhiteClock "0:00:01"]
[BlackClock "0:00:04"]

1. e4 c6 2. Nf3 d5 3. exd5 cxd5 4. Ne5 Nf6 5. d4 g6 6. Bb5+ Nbd7 7. O-O Bg7 8. Re1 O-O 9. Nf3 Ne4 10. Bd3 Ndf6 11. c3 b6 12. Bf4 Bb7 13. Nbd2 a6 14. a4 h6 15. Ne5 Nd6 16. Qf3 Nfe4 17. Qe3 g5 18. Bg3 f5 19. f4 e6 20. Ndf3 Kh7 21. Rf1 Bf6 22. Nd2 Qe7 23. Nxe4 fxe4 24. Be2 Nf5 25. Qd2 Rg8 26. Bg4 Raf8 27. Bxf5+ exf5 28. b3 Qe6 29. Rac1 b5 30. axb5 axb5 31. Ra1 Rg7 32. Ra5 b4 33. cxb4 Rfg8 34. Kh1 Bxe5 35. dxe5 d4 36. Qxd4 gxf4 37. Rxf4 Qxb3 38. Ra7 e3 39. Rf1 Qc2 40. Rxb7 Rxb7 41. Qxe3 Rxb4 42. e6 Qe4 43. Qc3 Rc4 44. Qf6 Rc2 45. Rg1 Rg7 46. e7 Re2 47. e8=Q Qxe8 48. Qxf5+ Qg6 49. Qf3 Re4 50. Rf1 Rge7 51. h3 Re3 52. Qf8 Qxg3 53. Rf7+ Rxf7 54. Qxf7+ Qg7 55. Qf5+ Kg8 56. Qd5+ Kf8 57. Qa8+ Kf7 58. Qa7+ Re7 59. Qf2+ Qf6 60. Qc5 Kg7 61. Qg1 Rf7 0-1


[Site "https://www.chess.com"]

[Event "Titled Tuesday Blitz August 3 2021"]
[White "Korchmar, Vasiliy"]
[Black "Zverev, Lev"]
[WhiteFideId "24131750"]
[BlackFideId "24250775"]
[WhiteElo "2370"]
[BlackElo "2109"]
[Result "0-1"]
[Round "07"]
[TimeControl "180+1"]
[Date "2021.08.03"]
[WhiteClock "0:00:35"]
[BlackClock "0:00:25"]

1. e4 c5 2. Nf3 d6 3. d4 cxd4 4. Nxd4 Nf6 5. Nc3 a6 6. Be2 e5 7. Nb3 Be7 8. Bg5 Be6 9. Bxf6 Bxf6 10. Bg4 Nc6 11. O-O O-O 12. Bxe6 fxe6 13. Qg4 Qe7 14. Rad1 Nd4 15. Nxd4 exd4 16. Ne2 Rac8 17. Rd2 Rc5 18. Rfd1 e5 19. c3 Qf7 20. cxd4 exd4 21. f4 Qxa2 22. b4 Rc2 23. Nc1 Qc4 24. Rxc2 Qxc2 25. Nd3 b6 26. Nf2 Qc4 27. Nd3 a5 28. bxa5 bxa5 29. Qd7 Qc2 30. Nf2 Qc5 31. Qe6+ Kh8 32. g4 Bh4 33. Rf1 h6 34. f5 d3 35. Qa2 Re8 36. Kg2 Bxf2 37. Rxf2 Rxe4 38. h3 Qxf2+ 39. Kxf2 Re2+ 40. Qxe2 dxe2 41. Kxe2 Kg8 42. Kd3 Kf7 43. Kc4 Kf6 44. Kb5 Kg5 45. Kxa5 Kh4 46. Kb6 Kxh3 47. Kc6 Kxg4 48. Kxd6 Kxf5 49. Ke7 h5 50. Kd6 h4 51. Ke7 h3 52. Kd6 h2 53. Ke7 h1=Q 54. Kf7 Qb7+ 55. Kg8 g5 56. Kh8 Kf6 57. Kg8 Qg7# 0-1


[Site "https://www.chess.com"]

[Event "Titled Tuesday Blitz August 3 2021"]
[White "Kovalev, Egor"]
[Black "Bethke, Richard"]
[WhiteFideId "24124117"]
[BlackFideId "12959243"]
[WhiteElo "2253"]
[BlackElo "2402"]
[Result "1-0"]
[Round "07"]
[TimeControl "180+1"]
[Date "2021.08.03"]
[WhiteClock "0:00:27"]
[BlackClock "0:00:02"]

1. e4 c5 2. Nf3 d6 3. d4 cxd4 4. Nxd4 Nf6 5. Nc3 a6 6. f3 e5 7. Nb3 Be6 8. Be3 Nbd7 9. g4 h6 10. Qd2 Rc8 11. O-O-O Nb6 12. Na5 Nc4 13. Bxc4 Qxa5 14. Bxe6 fxe6 15. h4 d5 16. exd5 exd5 17. Nxd5 Qxd2+ 18. Rxd2 Bc5 19. Re1 Kf7 20. c3 Rhd8 21. Bxc5 Nxd5 22. Bf2 Kf6 23. Bg3 Nf4 24. Red1 Re8 25. Bxf4 exf4 26. Rd6+ Re6 27. Rxe6+ Kxe6 28. Rd4 g5 29. Re4+ Kf6 30. h5 b5 31. Kc2 Rc6 32. Kd3 Rd6+ 33. Kc2 Rc6 34. Kb3 Rd6 35. Rd4 Re6 36. a4 Re3 37. Rd6+ Ke5 38. Rxh6 bxa4+ 39. Kxa4 Rxf3 40. Rg6 Rf1 41. Rxg5+ Ke6 42. h6 Rh1 43. Rf5 Rxh6 44. Rxf4 Rg6 45. b4 Ke5 46. Rd4 Rf6 47. Ka5 Rc6 48. Rd3 Ke4 49. Rd8 1-0


[Site "https://www.chess.com"]

[Event "Titled Tuesday Blitz August 3 2021"]
[White "Kretov, Evgenij"]
[Black "Hoffmann, Asa"]
[WhiteFideId "4167821"]
[BlackFideId "2001470"]
[WhiteElo "2400"]
[BlackElo "2117"]
[Result "1-0"]
[Round "07"]
[TimeControl "180+1"]
[Date "2021.08.03"]
[WhiteClock "0:01:30"]
[BlackClock "0:00:34"]

1. d4 Nf6 2. c4 c5 3. d5 e5 4. Nc3 d6 5. e4 Be7 6. g3 O-O 7. Bg2 Na6 8. Nge2 Ne8 9. O-O Bd7 10. f4 Bf6 11. f5 Nec7 12. Qd3 Rb8 13. a3 b5 14. h4 bxc4 15. Qxc4 Nb5 16. Nxb5 Bxb5 17. Qc2 Qd7 18. Rf2 Ba4 19. Qd3 Rb3 20. Nc3 Rfb8 21. Qxa6 Bb5 22. Nxb5 R8xb5 23. Qc6 Qd8 24. Rf3 Rb6 25. Qa4 c4 26. Qxc4 R3b5 27. b4 a5 28. Bd2 axb4 29. axb4 h6 30. Ra7 Rb8 31. Qc7 Qf8 32. Bf1 Bd8 33. Qd7 Bb6+ 34. Kg2 Bxa7 35. Bxb5 Bd4 36. Bc6 Rd8 37. Qb7 Rb8 38. Qa6 Rb6 39. Qa8 Rb8 40. Qa5 Bb6 41. Qa6 Qd8 42. b5 Bd4 43. Ba5 Qf6 44. Bc7 Rf8 45. b6 g6 46. b7 gxf5 47. Rxf5 Qg6 48. b8=Q 1-0


[Site "https://www.chess.com"]

[Event "Titled Tuesday Blitz August 3 2021"]
[White "Krysa, Leandro"]
[Black "Odegov, Artem"]
[WhiteFideId "116807"]
[BlackFideId "34183644"]
[WhiteElo "2490"]
[BlackElo "2288"]
[Result "1-0"]
[Round "07"]
[TimeControl "180+1"]
[Date "2021.08.03"]
[WhiteClock "0:00:06"]
[BlackClock "0:00:07"]

1. e4 Nf6 2. d3 d5 3. Nd2 c5 4. Ngf3 Nc6 5. g3 e5 6. Bg2 Be7 7. O-O O-O 8. c3 dxe4 9. dxe4 Qc7 10. Qe2 Be6 11. Nh4 Rad8 12. Nc4 b5 13. Ne3 c4 14. a4 a6 15. axb5 axb5 16. Nhf5 Bxf5 17. Nxf5 g6 18. Ne3 Bc5 19. h3 Rfe8 20. Kh2 h5 21. Nd5 Nxd5 22. exd5 Ne7 23. Bg5 Rd7 24. Rfd1 Nf5 25. Ra6 e4 26. Rc6 Qa7 27. Rf1 Rxd5 28. Bf6 Rd6 29. Rxd6 Bxd6 30. Kh1 e3 31. g4 hxg4 32. hxg4 Nh6 33. g5 Nf5 34. Qf3 Be5 35. Re1 Bxf6 36. gxf6 Qc7 37. fxe3 Ng3+ 38. Kg1 Nf5 39. e4 Qc5+ 40. Qf2 Qxf2+ 41. Kxf2 Nh6 42. Bf3 Kh7 43. e5 g5 44. Be4+ Kg8 45. Bd5 Ng4+ 46. Kg3 Nxe5 47. Bc6 Re6 48. Bxb5 Nd7 49. Rxe6 Nc5 50. Bd7 fxe6 51. Bb5 Kf7 52. Bxc4 Kxf6 53. b4 Na4 54. b5 Nxc3 55. b6 Ne4+ 56. Kg4 Nd6 57. Ba6 Nf7 58. Bb5 Ne5+ 59. Kg3 Nf7 60. b7 Nd6 61. b8=Q Nf5+ 62. Kf2 Nd4 63. Qf8+ Ke5 64. Qg7+ Ke4 65. Qg6+ Nf5 66. Qxe6+ Kf4 67. Qc4+ Ke5 68. Qc3+ Nd4 69. Qe3+ Kd5 70. Bd3 g4 71. Qe4+ Kc5 72. Qe5+ Kb4 73. Qxd4+ Ka3 74. Qb6 g3+ 75. Kg1 Ka2 76. Bc2 g2 77. Qb3+ 1-0


[Site "https://www.chess.com"]